 Dungeon Crawl Stone Soup version 0.24-a0-443-g80245de385 (webtiles) character file.

Game seed: 16449016777379985089

1782 KristoblXynda the Changer (level 8, 0/37 HPs)
             Began as a Felid Transmuter on June 21, 2019.
             Was a Follower of Yredelemnul.
             Slain by an orc warrior
             ... wielding a +0 mace
              (19 damage)
             ... on level 10 of the Dungeon.
             The game lasted 00:17:28 (12409 turns).

KristoblXynda the Changer (Felid Transmuter)       Turns: 12409, Time: 00:17:28

Health: 0/37       AC:  2    Str:  8    XL:     8   Next: 81%
Magic:  7/12       EV: 24    Int: 15    God:    Yredelemnul [*.....]
Gold:   321        SH:  0    Dex: 21    Spells: 3/11 levels left
                                        Lives:  0   Deaths: 2

rFire    . . .     SeeInvis +     - Unarmed
rCold    . . .     Gourm    .   (shield unavailable)
rNeg     + . .     Faith    .   (armour unavailable)
rPois    x         Spirit   .   (helmet unavailable)
rElec    .         Reflect  .   (cloak unavailable)
rCorr    .         Harm     .   (gloves unavailable)
MR       +....                  (boots unavailable)
Stlth    ++++......             (no amulet)
HPRegen  0.12/turn              h - ring of positive energy
MPRegen  0.13/turn              f - ring of stealth

@: spider-form (expiring), very slightly contaminated
A: tiny, no armour, no weapons or thrown items, stealth, see invisible,
carnivore, slow metabolism 1
a: End Transformation, Animate Remains, Renounce Religion


You were on level 10 of the Dungeon.
You worshipped Yredelemnul.
Yredelemnul was aware of your devotion.
You were very full.
You were a venomous arachnid creature.
You visited 2 branches of the dungeon, and saw 11 of its levels.

You collected 321 gold pieces.

Inventory:

Jewellery
 f - a ring of stealth (right front leg)
 h - a ring of positive energy (left front leg)
 i - a +6 ring of intelligence
Wands
 j - a wand of random effects (6)
 l - a wand of iceblast (10)
Scrolls
 b - 2 scrolls of fear
 d - 5 scrolls of teleportation
 g - 2 scrolls of remove curse
 s - 3 scrolls of fog
 v - a scroll of magic mapping
Potions
 a - a potion of haste
 e - 2 potions of lignification {unknown}
 k - 2 potions of might
 m - a potion of berserk rage
 n - 2 potions of curing {unknown}
 o - a potion of invisibility
 p - a potion of resistance
 q - 2 potions of heal wounds {unknown}
 r - a potion of degeneration {unknown}
 t - a potion of mutation {unknown}
Comestibles
 c - 10 rations
 u - 4 chunks of flesh


   Skills:
 + Level 5.3 Fighting
 - Level 5.1 Dodging
 - Level 5.3 Stealth
 + Level 7.1 Unarmed Combat
 - Level 2.0 Spellcasting
 + Level 7.3 Transmutations
 + Level 3.0 Invocations
 - Level 5.0 Evocations


You had 3 spell levels left.
You knew the following spells:

 Your Spells              Type           Power        Failure   Level  Hunger
a - Beastly Appendage     Tmut           ###...       5%          1    #......
b - Spider Form           Tmut/Pois      ##........   32%         3    ###....
c - Ice Form              Ice/Tmut       ##......     65%         4    #####..

Your spell library contained the following spells:

 Spells                   Type           Power        Failure   Level  Hunger
 Sticks to Snakes         Tmut           ###.....     7%          2    ###....
 Blade Hands              Tmut           ###.......   52%         5    ######.


Dungeon Overview and Level Annotations

Branches:
Dungeon (11/15)            Temple (1/1) D:4
   Lair: D:8-11         Orc: D:9-12

Altars:
Ashenzari
Cheibriados
Dithmenos
Elyvilon
Fedhas
Gozag
Kikubaaqudgha
Qazlal
Ru
Sif Muna
Uskayaw
Vehumet
Wu Jian
Xom
Yredelemnul
Zin
The Shining One

Annotations:
D:3 3 runed translucent doors, Yorgos's ghost, amateur SpEn
D:5 2 runed translucent doors, KristoblXynda's ghost, amateur FeTm; Menkaure


Innate Abilities, Weirdness & Mutations

You cannot wear armour.
You are incapable of wielding weapons or throwing items.
Your paws allow you to move quietly. (Stealth)
((You have sharp claws.))
((You have razor-sharp teeth.))
You have supernaturally acute eyesight. (SInv)
You are carnivorous and can eat meat at any time.
((You cover ground quickly.))
((You are covered in thick fur. (AC +2)))
You have a slow metabolism.
((Your sharp claws are effective at attacking unaware monsters.))


Message History

The orc warrior is heavily wounded.
The orc warrior zaps a wand.
The burst of metal fragments misses you.
The burst of metal fragments hits you.
The burst of metal fragments misses you. x3
The burst of metal fragments hits you!
The burst of metal fragments misses you. x2
You completely miss the orc warrior.
The orc warrior is heavily wounded.
The orc warrior zaps a wand.
The burst of metal fragments misses you.
The burst of metal fragments hits you.
The burst of metal fragments misses you. x6
Unknown command.
You barely miss the orc warrior.
The orc warrior is severely wounded.
The orc warrior hits you with a +0 mace!!
Ouch! That really hurt!
You die...
Your body rises from the dead as a mindless zombie.

.. #......##.##)###..#
.. #......##########.#
########...## o......#.#
#...........# .....#.#
#...........# ♣..#.#
+...........# ♣..).#
#...........#. ♣..'.#
#.<.........#..♣♣♣♣(.###
'...........#...so...#
#......≈≈...#........#
#......≈≈...##########
#...........#
#...........#
#############


You could see an orc warrior.

Vanquished Creatures
  A two-headed ogre (D:10)
  Sigmund (D:5)
  2 ice beasts
  A sky beast (D:7)
  2 phantoms (D:4)
  3 ogres
  A centaur (D:7)
  4 bullfrogs
  A wyvern zombie (D:7)
  4 scorpions (D:4)
  A howler monkey (D:5)
  A quasit (D:7)
  A centaur zombie (D:5)
  A jelly (D:5)
  2 orc priests (D:7)
  5 orc wizards
  A bullfrog skeleton (D:5)
  A hound (D:5)
  Terence (D:2)
  An iguana (D:4)
  4 worker ants
  2 hound skeletons
  8 gnolls (D:5)
  6 adders
  3 shadow imps
  2 oozes
  2 dart slugs
  4 leopard geckos
  17 orcs
  A ball python (D:4)
  4 giant cockroaches (D:4)
  4 hobgoblins
  7 kobolds
  2 quokkas (D:4)
  8 bats
  6 frilled lizards
  A giant cockroach zombie (D:5)
  8 goblins
  5 rats
129 creatures vanquished.

Notes
Turn   | Place    | Note
-------+----------+-------------------------------------------
     0 | D:1      | KristoblXynda the Felid Transmuter began the quest for the
                  | Orb.
     0 | D:1      | Reached XP level 1. HP: 9/9 MP: 4/4
   422 | D:1      | Reached skill level 1 in Stealth
   441 | D:1      | Reached XP level 2. HP: 12/12 MP: 6/6
  1893 | D:2      | Noticed Terence
  1960 | D:2      | Killed Terence
  1960 | D:2      | Reached XP level 3. HP: 5/15 MP: 5/7
  2163 | D:2      | Learned a level 3 spell: Spider Form
  2703 | D:2      | Reached XP level 4. HP: 19/19 MP: 6/8
  3650 | D:3      | Found a sacrificial altar of Ru.
  3692 | D:3      | Found a runed translucent gate.
  3693 | D:3      | Found a runed translucent gate.
  3694 | D:3      | Found a runed translucent gate.
  4239 | D:3      | Noticed Yorgos's ghost (amateur SpEn)
  4658 | D:4      | Reached XP level 5. HP: 6/22 MP: 9/9
  5038 | D:4      | Found a staircase to the Ecumenical Temple.
  5058 | Temple   | Entered the Ecumenical Temple
  5301 | Temple   | Became a worshipper of Yredelemnul the Dark
  5403 | D:4      | Noticed a phantom
  5469 | D:4      | Killed a phantom
  5469 | D:4      | Reached skill level 1 in Evocations
  5469 | D:4      | Gained mutation: You are covered in thick fur. (AC +2)
                  | [Felid growth]
  5469 | D:4      | Reached XP level 6. HP: 14/25 MP: 10/10
  5728 | D:4      | Got a bloodstained shield
  5731 | D:4      | Identified the +4 shield of Tulips {rElec} (You found it on
                  | level 4 of the Dungeon)
  5937 | D:4      | Reached skill level 5 in Dodging
  6052 | D:4      | Reached XP level 7. HP: 28/28 MP: 8/11
  6355 | D:4      | Reached skill level 5 in Stealth
  6854 | D:4      | Reached skill level 5 in Unarmed Combat
  6957 | D:5      | Entered Level 5 of the Dungeon
  6957 | D:5      | Found a runed translucent door.
  6968 | D:5      | Noticed KristoblXynda's ghost (amateur FeTm)
  6970 | D:5      | Reached * piety under Yredelemnul
  6988 | D:5      | Noticed Sigmund
  7340 | D:5      | Reached skill level 5 in Transmutations
  7599 | D:5      | Reached XP level 8. HP: 18/34 MP: 8/12
  7741 | D:5      | Learned a level 4 spell: Ice Form
  7901 | D:5      | Killed Sigmund
  8452 | D:5      | Found a runed translucent door.
  9630 | D:5      | Found an opulent altar of Gozag.
  9638 | D:5      | Noticed Menkaure
  9656 | D:5      | Slain by Menkaure
  9657 | D:5      | Reached XP level 7. HP: -5/31 MP: 10/11
  9667 | D:6      | You fall into a shaft and drop 1 floor!
 10253 | D:7      | Slain by a wyvern zombie
 10254 | D:7      | Reached XP level 6. HP: -1/28 MP: 10/10
 10332 | D:7      | Reached XP level 7. HP: 28/31 MP: 8/11
 10730 | D:7      | Reached skill level 5 in Evocations
 11316 | D:7      | Reached skill level 1 in Invocations
 11425 | D:8      | You fall into a shaft and drop 3 floors!
 11430 | D:11     | Noticed a kobold demonologist
 11442 | D:11     | Noticed a steam dragon
 11498 | D:10     | Entered Level 10 of the Dungeon
 11742 | D:10     | Noticed a two-headed ogre
 11797 | D:10     | Killed a two-headed ogre
 11797 | D:10     | Reached skill level 5 in Fighting
 11797 | D:10     | Reached XP level 8. HP: 17/37 MP: 9/12
 12409 | D:10     | Slain by an orc warrior

Levels and vault maps discovered:
D:1:      lightli_arrival_farm, layout_basic
D:2:      layout_basic, first_ration, uniq_terence
D:3:      layout_basic, gammafunk_ghost_necromancy, hangedman_ru_absence
D:4:      minmay_opposing_rooms, layout_basic, minmay_temple_entry_nine_rooms,
          minmay_manual_mess
D:5:      layout_loops_ring, grunt_gozag_statues, ebering_ghost_sewer_f,
          uniq_menkaure, uniq_sigmund
D:6:      layout_rooms, grunt_temple_overflow_diamond
D:7:      layout_gridville
D:8:      layout_loops_corners, lemuel_crystal_altar, lair_entry_dummy
D:10:     layout_basic, kennysheep_generic_room_6
D:11:     layout_cave_pools, grunt_ministairs_10, hangedman_ranch
          [blue_anna_fruit_fields]
Temple:   eino_temple_scatter_basement

Skill      XL: |  1  2  3  4  5  6  7  8 |
---------------+-------------------------+-----
Dodging        | 3 4 5 |  5.1
Stealth        | 1 2 3 4 5 |  5.3
Transmutations | 3 4 7 |  7.3
Unarmed Combat | 4 6 7 |  7.1
Evocations     | 1 2 5 4 |  5.0
Fighting       | 5 3 |  5.3
Invocations    | 2 3 |  3.0
Spellcasting   | |  2.0

Action                   |  1- 3 |  4- 6 |  7- 9 || total
-------------------------+-------+-------+-------++-------
Melee: Unarmed           |   113 |   116 |   272 ||   501
       Headbutt          |    11 |    11 |       ||    22
       Bite              |     7 |    11 |     5 ||    23
       Punch             |     2 |     1 |     2 ||     5
 Cast: Beastly Appendage |    13 |     9 |       ||    22
       Spider Form       |       |     2 |    29 ||    31
Evoke: Wand              |       |    34 |     7 ||    41
  Use: Potion            |       |     1 |       ||     1
       Scroll            |       |     4 |    15 ||    19
 Stab: Sleeping          |     5 |     7 |     6 ||    18
  Eat: Chunk             |    11 |     7 |    20 ||    38
Armor: Skin              |     9 |     2 |    16 ||    27
Dodge: Dodged            |   125 |    92 |   284 ||   501

Table legend:
 A = Non-vault XP
 B = Vault XP
 C = Vault XP percentage of total XP
 D = Non-vault monster count
 E = Vault monster count
 F = Vault count percentage of total count
                 A         B        C        D         E       F
            +---------+---------+-------+---------+---------+-------
      Total |    3411 |     693 |  16.9 |     116 |      13 |  10.1
            +---------+---------+-------+---------+---------+-------
        D:1 |      40 |       0 |   0.0 |      24 |       0 |   0.0
        D:2 |      72 |      36 |  33.3 |      15 |       1 |   6.2
        D:3 |      15 |       0 |   0.0 |       7 |       0 |   0.0
        D:4 |     569 |     405 |  41.6 |      17 |      10 |  37.0
        D:5 |     547 |     212 |  27.9 |      26 |       1 |   3.7
        D:7 |     913 |       0 |   0.0 |      19 |       0 |   0.0
        D:8 |     121 |       0 |   0.0 |       2 |       0 |   0.0
       D:10 |    1134 |      40 |   3.4 |       6 |       1 |  14.3
            +---------+---------+-------+---------+---------+-------
